cohdb
Replays
Latest Replays
All Replays
Popular Replays
Top Player Replays
Match Explorer
How It Works
Community
CoH3 Stats
Reddit
Sign in to upload your games and track your stats! →
Sign in with Steam
Match 31418367
Unlisted
Match 31418367
Overview
Messages
Build Orders
End
Construct Infanterie Kompanie
MG 42 Machine Gun Team
Grenadier Squad
Grenadier Squad
Grenadier Squad
Construct Panzergrenadier Kompanie
251 Medium Carrier
251 Medium Carrier
Selects Mechanized Battlegroup
Selects Mobile Repair Stations
Pak 40 Anti-tank Gun Team
Selects Raid Package
Panzergrenadier Squad
Panzergrenadier Officer Quarters
Panzergrenadier Squad
Grenadier Squad
Pak 40 Anti-tank Gun Team
Medical Station
Selects 8 Rad Armored Car
Selects UNKNOWN (2160084)
8 Rad Armored Car
company of idiots
DodoSlayer27
g0ldL1ght
UMirinBrah?
KP [MST3K]
Deep Abyss Inc.
0
0
Comments
sign in to comment!
No comments posted yet!